 Dungeon Sprint DCSS version 0.22-a0-469-gf26638a (webtiles) character file.

109 galech the Skirmisher (level 4, 0/55 HPs)
             Began as an Ogre Berserker on June 12, 2018.
             Was a Follower of Trog.
             Slain by Sigmund
             ... wielding a +0 scythe
              (2 damage)
             ... in the Dungeon (Sprint I: "Red Sonja").
             The game lasted 00:00:36 (97 turns).

galech the Skirmisher (Ogre Berserker)                Turns: 97, Time: 00:00:37

Health: 0/55       AC:  3    Str: 22    XL:     4   Next: 90%
Magic:  4/4        EV: 11    Int:  8    God:    Trog [*.....]
Gold:   54         SH:  0    Dex:  8    Spells: 3/3 levels left

rFire    . . .     SeeInvis .   a - +0 mace
rCold    . . .     Gourm    .   (no shield)
rNeg     . . .     Faith    .   b - +0 animal skin
rPois    .         Spirit   .   (helmet restricted)
rElec    .         Reflect  .   (no cloak)
rCorr    .         Harm     .   (gloves unavailable)
MR       .....     NoTele   +   (boots unavailable)
Stlth    +.........             (no amulet)
HPRegen  0.18/turn              (no ring)
MPRegen  0.09/turn              (no ring)

@: berserk cooldown, slowed, very slow
A: large, unfitting armour, tough skin 1
a: Berserk, Renounce Religion


You were in the Dungeon.
You worshipped Trog.
Trog was aware of your devotion.
You were not hungry.

You visited 1 branch You collected 54 gold pieces.

Inventory:

Hand Weapons
 a - a +0 mace (weapon)
Armour
 b - a +0 animal skin (worn)
Wands
 j - a wand of polymorph (1)
Scrolls
 i - a scroll of blinking
Potions
 d - a potion of curing
 e - a potion of heal wounds
 f - a potion of haste
 g - 2 potions of magic
 h - a potion of berserk rage
 k - a potion of degeneration {unknown}
Comestibles
 c - a ration
 l - 9 chunks of flesh


   Skills:
 + Level 7.4 Fighting
 + Level 5.3 Maces & Flails
 + Level 5.4 Dodging
 + Level 2.5 Unarmed Combat


You had 3 spell levels left.
You didn't know any spells.
Your spell library was empty.

Dungeon Overview and Level Annotations

Branches:
Dungeon (1/1)

Altars:

Annotations:
D Sigmund


Innate Abilities, Weirdness & Mutations

You are too large for most types of armour.
You have tough skin. (AC +1)


Message History

You closely miss Sigmund.
Sigmund is almost dead.
Sigmund closely misses you.
You hit Sigmund.
Sigmund is almost dead.
Sigmund closely misses you.
You completely miss Sigmund.
Sigmund is almost dead.
Sigmund closely misses you.
You barely miss Sigmund.
Sigmund is almost dead.
Sigmund points at you and mumbles some strange words.
The magic dart hits you!
* * * LOW HITPOINT WARNING * * *
Sigmund hits you with a scythe!
* * * LOW HITPOINT WARNING * * *
You bump into the rock wall.
You feel less confused. Sigmund hits you with a scythe.
You die...

#############
#<.#..)..#..+
#..'..#..@..#
#..#####@####
#.[# #..#
#..# ####
#..# #⌠⌠#
####


You could see Sigmund.

Vanquished Creatures
  An ogre (D)
  Ijyb (D)
2 creatures vanquished.

Notes
Turn   | Place    | Note
-------+----------+-------------------------------------------
     0 | D        | galech the Ogre Berserker began the quest for the Orb.
     0 | D        | Reached XP level 1. HP: 24/24 MP: 1/1
     1 | D        | Noticed Ijyb
    26 | D        | Killed Ijyb
    26 | D        | Reached skill level 5 in Fighting
    26 | D        | Reached skill level 1 in Unarmed Combat
    26 | D        | Reached XP level 2. HP: 35/35 MP: 2/2
    26 | D        | Reached XP level 3. HP: 42/42 MP: 3/3
    35 | D        | Noticed an ogre
    41 | D        | Killed an ogre
    41 | D        | Reached skill level 7 in Fighting
    41 | D        | Reached skill level 5 in Maces & Flails
    41 | D        | Reached skill level 5 in Dodging
    41 | D        | Reached XP level 4. HP: 55/55 MP: 4/4
    72 | D        | Noticed Sigmund
    96 | D        | HP: 2/55 [Sigmund/scythe (8)]
    97 | D        | Slain by Sigmund

Vault maps used:
D:        dungeon_sprint_1

Skill      XL: |  1  2  3 |
---------------+----------+-----
Fighting       | 5 7 |  7.4
Maces & Flails | 4 5 |  5.3
Dodging        | 4 5 |  5.4
Unarmed Combat | 1 2 |  2.5

Action                   |  1- 3 |  4- 6 || total
-------------------------+-------+-------++-------
Melee: Unarmed           |    25 |       ||    25
       Mace              |     1 |    10 ||    11
Invok: Berserk           |     1 |     1 ||     2
Armor: Skin              |     1 |       ||     1
       Animal skin       |       |     1 ||     1
Dodge: Dodged            |    12 |     9 ||    21

Table legend:
 A = Spawn XP
 B = Non-spawn XP
 C = Spawn XP percentage of total XP
 D = Spawn monster count
 E = Non-spawn monster count
 F = Spawn count percentage of total count
 G = Total turns spent on level
                    A         B        C        D         E        F      G
               +---------+---------+-------+---------+---------+-------+---------
         Total |       0 |     157 |   0.0 |       0 |       2 |   0.0 |    97
               +---------+---------+-------+---------+---------+-------+---------
             D |       0 |     157 |   0.0 |       0 |       2 |   0.0 |    97
               +---------+---------+-------+---------+---------+-------+---------
